 Dungeon Crawl Stone Soup version 0.27-a0-732-ga892ba84f6 (webtiles) character file.

Game seed: 11191738828157565568

1806 Hasart the Conjurer (level 8, -6/56 HPs)
             Began as a Mummy Conjurer on Mar 23, 2021.
             Mangled by an orc warrior
             ... wielding a +0 halberd
              (23 damage)
             ... on level 7 of the Dungeon.
             The game lasted 00:17:03 (7917 turns).

Hasart the Conjurer (Mummy Conjurer)                Turns: 7917, Time: 00:17:04

Health: -6/56      AC:  3    Str: 10    XL:     8   Next: 84%
Magic:  14/17      EV: 12    Int: 20    God:
Gold:   362        SH:  0    Dex: 10    Spells: 13/19 levels left

rFire    . . .     SeeInvis .   n - +7 long sword
rCold    + . .     Faith    .   (no shield)
rNeg     + + +     Spirit   .   a - +0 robe
rPois    ∞         Reflect  .   k - +1 hat
rElec    .         Harm     .   (no cloak)
rCorr    .         Rampage  .   (no gloves)
Will     +....                  (no boots)
Stlth    ++........             (no amulet)
HPRegen  0.18/turn              l - ring of protection from fire
MPRegen  0.15/turn              (no ring)

@: no status effects
A: cold resistance 1, negative energy resistance 3, torment resistance 2,
unbreathing 1, heat vulnerability 1, no potions
a: no special abilities


You were on level 7 of the Dungeon.
You visited 2 branches of the dungeon, and saw 8 of its levels.

You collected 362 gold pieces.

Inventory:

Hand Weapons
 n - a +7 long sword (weapon)
Armour
 a - a +0 robe (worn)
 c - a +0 buckler
 k - a +1 hat (worn)
Jewellery
 l - a ring of protection from fire (right hand)
Scrolls
 b - a scroll of vulnerability {unknown}
 d - a scroll of holy word {unknown}
 e - 4 scrolls of identify {unknown}
 f - a scroll of enchant weapon {unknown}
 g - a scroll of blinking {unknown}
 h - 3 scrolls of random uselessness {unknown}
 i - 2 scrolls of fear {unknown}
 j - 2 scrolls of teleportation {unknown}
 m - a scroll of amnesia {unknown}
 o - a scroll of silence {unknown}
 p - a scroll of magic mapping {unknown}


   Skills:
 + Level 2.0 Fighting
 + Level 1.9 Dodging
 - Level 1.5 Stealth
 + Level 3.7 Shields
 + Level 6.3 Spellcasting
 * Level 6.6 Conjurations
 - Level 3.0 Air Magic
 - Level 3.0 Poison Magic


You had 13 spell levels left.
You knew the following spells:

 Your Spells              Type           Power      Damage    Failure   Level
a - Magic Dart            Conj           100%       1d8       1%          1
b - Searing Ray           Conj           66%        3d5       1%          2
c - Mephitic Cloud        Conj/Pois/Air  23%        N/A       5%          3

Your spell library contained the following spells:

 Spells                   Type           Power      Damage    Failure   Level
 Conjure Flame            Conj/Fire      19%        6-21      8%          3
 Dazzling Flash           Conj/Hex       38%        N/A       8%          3
 Animate Skeleton         Necr           12%        N/A       10%         1
 Apportation              Tloc           12%        N/A       10%         1
 Corona                   Hex            6%         N/A       10%         1
 Summon Small Mammal      Summ           24%        N/A       10%         1
 Blink                    Tloc           N/A        N/A       16%         2
 Call Imp                 Summ           6%         N/A       16%         2
 Slow                     Hex            6%         N/A       16%         2
 Fulminant Prism          Conj/Hex       9%         3d7       26%         4
 Iskenderun's Mystic Bla  Conj/Tloc      19%        2d6       26%         4


Dungeon Overview and Level Annotations

Branches:
Dungeon (7/15)             Temple (1/1) D:6

Altars:
Cheibriados
Dithmenos
Elyvilon
Fedhas
Gozag
Hepliaklqana
Kikubaaqudgha
Makhleb
Nemelex Xobeh
Okawaru
Ru
Sif Muna
Trog
Vehumet
Wu Jian
Xom
Yredelemnul
Zin
The Shining One

Shops:
D:4 =   D:6 ?

Annotations:
D:4 2 runed translucent doors, theanonym's ghost, weakling PaDe


Innate Abilities, Weirdness & Mutations

You are immune to poison.
Your flesh is cold resistant. (rC+)
You are immune to negative energy. (rN+++)
You are immune to unholy pain and torment.
You can survive without breathing.
You are vulnerable to heat. (rF-)
You do not drink.


Message History

Unknown command.
HP restored.
Magic restored.
An ogre comes into view. It is wielding a +0 giant club.
An ogre is nearby!
An orc warrior comes into view. It is wielding a +0 halberd.
The ogre shouts!
You hear a shout!
The orc warrior moves out of view.
Casting: Searing Ray (safe; 1% risk of failure)
Confirm with . or Enter, or press ? or * to list all spells.
Aiming: Searing Ray (safe; 1% risk of failure)
Press: ? - help, Shift-Dir - straight line, f - ogre
Aim: an ogre, wielding a +0 giant club (9% to evade)
The searing ray hits the ogre.
The ogre is lightly wounded. (Press . to maintain the ray.) Unknown command.
The searing ray hits the ogre!
The ogre is heavily wounded.
An orc wizard comes into view. It is wielding a +0 dagger.
Unknown command.
The searing ray hits the ogre!
The ogre is almost dead.
The ogre hits you with a +0 giant club!!
The orc wizard gestures at itself while chanting.
The orc wizard flickers and vanishes!
Deactivating autopickup; reactivate with Ctrl-A.
The orc warrior hits you from afar with a +0 halberd!!
* * * LOW HITPOINT WARNING * * *
Unknown command.
The searing ray hits the ogre.
You kill the ogre!
You finish channeling your searing ray.
The orc warrior completely misses you.
Your Fighting skill increases to level 2!
Unknown command.
Unknown command.
There is an open door here.
There is a stone staircase leading up here.
The orc warrior hits you from afar with a +0 halberd!!
You die...

#####
#+#########...#
#.............#
#.............#
#.............#
#........o.@..#
#...##...##...#
##'###...##...#
#....#....#...#
#..).#....#...#
+....+....#...#
###..#.#..#...#
.{..)o)############
.......


You could see an orc warrior.

Vanquished Creatures
  A troll (D:5)
  A necrophage (D:5)
  2 ogres
  A phantom (D:6)
  3 bullfrogs
  2 scorpions
  4 wights (D:4)
  3 jellies (D:5)
  3 hounds
  3 orc priests (D:6)
  3 iguanas
  4 orc wizards
  6 worker ants
  A worker ant zombie (D:6)
  3 gnolls (D:5)
  4 adders
  A shadow imp (D:5)
  3 white imps
  3 worms
  5 dart slugs
  11 orcs
  6 bats
  3 giant cockroaches
  7 goblins
  7 hobgoblins
  8 jackals
  5 kobolds
  6 oozes
  6 quokkas
  5 ball pythons
  5 frilled lizards
  A jackal zombie (D:6)
  A quokka skeleton (D:6)
  3 rats
130 creatures vanquished.

Notes
Turn   | Place    | Note
-------+----------+-------------------------------------------
     0 | D:1      | Hasart the Mummy Conjurer began the quest for the Orb.
     0 | D:1      | Reached XP level 1. HP: 13/13 MP: 4/4
   571 | D:1      | Reached XP level 2. HP: 19/19 MP: 0/5
  1136 | D:1      | Learned a level 2 spell: Searing Ray
  1218 | D:2      | Reached XP level 3. HP: 24/24 MP: 2/7
  1642 | D:2      | Reached skill level 1 in Shields
  1647 | D:2      | Learned a level 3 spell: Mephitic Cloud
  2394 | D:3      | Reached XP level 4. HP: 26/30 MP: 1/9
  3225 | D:4      | Found Wimiez's Jewellery Shop.
  3314 | D:4      | Reached skill level 1 in Air Magic
  3314 | D:4      | Reached skill level 1 in Poison Magic
  3314 | D:4      | Reached XP level 5. HP: 35/35 MP: 2/10
  3661 | D:4      | Found a runed translucent door.
  3662 | D:4      | Noticed theanonym's ghost (weakling PaDe)
  3686 | D:4      | Reached XP level 6. HP: 41/41 MP: 6/12
  4185 | D:4      | Found a bloodstained altar of Trog.
  4522 | D:4      | Found a runed translucent door.
  4553 | D:5      | Entered Level 5 of the Dungeon
  4992 | D:5      | Reached skill level 5 in Conjurations
  4992 | D:5      | Reached XP level 7. HP: 12/46 MP: 2/14
  5626 | D:5      | Reached skill level 5 in Spellcasting
  5943 | D:5      | Noticed a troll
  5949 | D:5      | Killed a troll
  5950 | D:5      | Reached XP level 8. HP: 40/52 MP: 4/16
  6746 | D:6      | Found Beleomo's Magic Scroll Emporium.
  6769 | D:6      | Reached skill level 1 in Fighting
  6912 | D:6      | Found an ornate altar of the Wu Jian Council.
  6913 | D:6      | Found a sparkling altar of Nemelex Xobeh.
  6959 | D:6      | Found a snail-covered altar of Cheibriados.
  7231 | D:6      | Identified the +5 ring mail "Ninaeq" {rPois rCorr Int-4}
  7315 | D:6      | Found a basalt altar of Yredelemnul.
  7472 | D:6      | Found a staircase to the Ecumenical Temple.
  7481 | Temple   | Entered the Ecumenical Temple
  7917 | D:7      | Mangled by an orc warrior

Illustrated notes

Levels and vault maps discovered:
D:1:      wheals_arrival_linesprint, layout_basic
D:2:      layout_rooms
D:3:      minmay_angry_zag, layout_basic
D:4:      layout_cave_pods, serial_shops, shop_coins, ebering_ghost_sewer_f,
          trog_hazing_becter
D:5:      layout_basic
D:6:      layout_loops_ring, cheibrodos_worm_habitat,
          lemuel_coloured_pillars_altar, gammafunk_temple_overflow_statue,
          minmay_temple_entry_poolview, serial_shops, shop_scrolls
D:7:      layout_gridville, nicolae_overflow_hidden_temple
Temple:   regret_index_temple_generic_petals

Skill      XL: |  1  2  3  4  5  6  7  8 |
---------------+-------------------------+-----
Spellcasting   | 3 4 5 6 |  6.3
Shields        | 1 2 3 |  3.7
Conjurations   | 4 5 6 |  6.6
Air Magic      | 1 2 3 |  3.0
Poison Magic   | 1 2 3 |  3.0
Fighting       | 2 |  2.0
Dodging        | |  1.9
Stealth        | |  1.5

Action                   |  1- 3 |  4- 6 |  7- 9 || total
-------------------------+-------+-------+-------++-------
Melee: Club              |     3 |       |       ||     3
       Dagger            |    20 |     2 |       ||    22
       Dire flail        |       |     9 |       ||     9
       Long sword        |       |     7 |    20 ||    27
 Cast: Magic Dart        |    84 |    18 |     7 ||   109
       Searing Ray       |       |    27 |    33 ||    60
       Mephitic Cloud    |       |       |     2 ||     2
Armor: Robe              |     4 |     9 |     6 ||    19
Dodge: Dodged            |    14 |    40 |    28 ||    82
       Rpst.: Long sword |       |     4 |     9 ||    13

Table legend: (Time is in decaauts)
 A = Elapsed time spent in this place.
 B = Non-inter-level travel time spent in this place.
 C = Inter-level travel time spent in this place.
 D = Time resting spent in this place.
 E = Time spent auto-exploring this place.
 F = Levels seen in this place.
 G = Mean time per level.
                   A        B        C        D        E       F      G
               +--------+--------+--------+--------+--------+-----+--------+
         Total |   7938 |   7794 |    144 |    601 |   6235 |   8 |  992.2 |
       Dungeon |   7691 |   7584 |    107 |    601 |   6038 |   7 | 1098.7 |
        Temple |    246 |    209 |     37 |      0 |    197 |   1 |  246.0 |
               +--------+--------+--------+--------+--------+-----+--------+

Top non-repeatable levels by time:
     D:6: 1518 daAuts
     D:5: 1517 daAuts
     D:4: 1467 daAuts
     D:1: 1174 daAuts
     D:3: 1058 daAuts
     D:2: 854 daAuts
  Temple: 246 daAuts
     D:7: 100 daAuts
